 Dungeon Crawl Stone Soup version 0.31-a0-236-g9a0961fb85 (webtiles) character file.

Game seed: 15708418305640184691

4628 protoss039 the Covert (level 10, -3/60 HPs)
             Began as a Vampire Enchanter on July 9, 2023.
             Was a Priest of Dithmenos.
             Slain by a two-headed ogre
             ... wielding a +0 giant spiked club
              (14 damage)
             ... on level 9 of the Dungeon on July 10, 2023.
             The game lasted 00:32:36 (9517 turns).

protoss039 the Covert (Vampire Enchanter)           Turns: 9517, Time: 00:32:36

Health: -3/60      AC: 10    Str:  7    XL:     10   Next: 19%
Magic:  6/18       EV: 17    Int: 18    God:    Dithmenos [***...]
Gold:   333        SH:  0    Dex: 22    Spells: 6/19 levels left

rFire   . . .        x - +0 dagger (venom)
rCold   + + .        (no shield)
rNeg    + + +        Q - +1 robe of Impressiveness {Will++ Dex+3}
rPois   ∞            r - +2 helmet
rElec   .            O - +2 cloak
rCorr   .            P - +0 pair of gloves
SInv    +            (no boots)
Will    +++..        (no amulet)
Stlth   ++++++++++   (no ring)
HPRegen 0.00/turn    (no ring)
MPRegen 0.16/turn

%: no passive effects
@: bloodless, inhibited regen, wreathed by umbra
A: bloodless, fangs 3, see invisible, vampiric 2
a: Bat Form, Revivify, Renounce Religion, Shadow Step


You were on level 9 of the Dungeon.
You worshipped Dithmenos.
Dithmenos was most pleased with you.
You visited 2 branches of the dungeon, and saw 10 of its levels.
You also visited: Sewer and Ossuary.

You collected 696 gold pieces.
You spent 363 gold pieces at shops.

Inventory:

Hand Weapons
 a - the +4 trident of Zeifih {venom, rF- Int+5}
   (You found it on level 5 of the Dungeon)

   Int:       It affects your intelligence (+5).
   rF:        It makes you vulnerable to fire.
 j - a +0 quarterstaff of draining
 q - a +3 dagger of protection
 s - a +0 dagger of speed
 x - a +0 dagger of venom (weapon)
Missiles
 b - 10 poisoned darts
 f - 6 curare-tipped darts
 o - a throwing net
 v - 5 atropa-tipped darts
Armour
 d - a scarf of repulsion
 r - a +2 helmet (worn)
 F - a +3 leather armour of fire resistance
 O - a +2 cloak (worn)
 P - a +0 pair of gloves (worn)
 Q - the +1 robe of Impressiveness (worn) {Will++ Dex+3}
   (You bought it in a shop on level 4 of the Dungeon)

   Dex:       It affects your dexterity (+3).
   Will:      It greatly increases your willpower.
Wands
 t - a wand of mindburst (19)
 w - a wand of roots (12)
 H - a wand of flame (19)
 I - a wand of paralysis (14)
Scrolls
 e - 7 scrolls of teleportation
 h - 3 scrolls of torment
 k - a scroll of identify
 l - 3 scrolls of silence {unknown}
 m - 4 scrolls of amnesia
 n - 2 scrolls of fear {unknown}
 p - a scroll of immolation {unknown}
 y - a scroll of vulnerability {unknown}
 B - 2 scrolls of noise {unknown}
 C - 2 scrolls of revelation
 D - a scroll of blinking {unknown}
 E - a scroll of poison {unknown}
 G - a scroll of fog
Potions
 g - a potion of might
 i - a potion of mutation
 u - 3 potions of haste {unknown}
 z - 2 potions of brilliance {unknown}
 A - 2 potions of cancellation {unknown}
 J - a potion of enlightenment {unknown}
 K - 2 potions of curing
 L - a potion of resistance {unknown}
 M - a potion of heal wounds {unknown}
 N - a potion of invisibility


   Skills:
 * Level 5.8 Fighting
 - Level 3.0 Short Blades
 + Level 1.7 Throwing
 + Level 6.8 Dodging
 + Level 10.2 Stealth
 + Level 5.4 Spellcasting
 - Level 1.0 Conjurations
 - Level 6.0 Hexes
 + Level 2.6 Necromancy
 - Level 3.0 Ice Magic
 * Level 4.9 Invocations
 + Level 2.0 Evocations


You had 6 spell levels left.
You knew the following spells:

 Your Spells              Type           Power      Damage    Failure   Level
a - Ensorcelled Hibernat  Hex/Ice        42%        N/A       3%          2
b - Confusing Touch       Hex            26%        N/A       3%          3
c - Tukima's Dance        Hex            26%        N/A       3%          3
d - Dazzling Flash        Conj/Hex       34%        N/A       9%          3
e - Sublimation of Blood  Necr           14%        N/A       6%          2

Your spell library contained the following spells:

 Spells                   Type           Power      Damage    Failure   Level
 Inner Flame              Hex/Fire       15%        N/A       11%         3
 Cigotuvi's Dreadful Rot  Necr/Pois/Air  16%        N/A       13%         2
 Anguish                  Hex/Necr       10%        N/A       22%         4
 Ignite Poison            Fire/Tmut/Pois 4%         N/A       36%         3
 Spider Form              Tmut/Pois      4%         N/A       36%         3
 Metabolic Englaciation   Hex/Ice        10%        N/A       50%         5
 Ice Form                 Ice/Tmut       10%        N/A       56%         4
 Summon Ice Beast         Ice/Summ       10%        N/A       56%         4
 Silence                  Hex/Air        7%         N/A       71%         5
 Yara's Violent Unravell  Hex/Tmut       7%         3d5       71%         5
 Passage of Golubria      Tloc           4%         N/A       77%         4
 Petrify                  Tmut/Erth      4%         N/A       77%         4
 Freezing Cloud           Conj/Ice/Air   4%         6-21      90%         5
 Irradiate                Conj/Tmut      3%         3d12      96%         5
 Enfeeble                 Hex            13%        N/A       100%        7
 Lehudib's Crystal Spear  Conj/Erth      3%         10d2      100%        8


Dungeon Overview and Level Annotations

Branches:
Dungeon (9/15) Zot: 26953  Temple (1/1) D:4 Zot: 5811   Sewer (visited)
Ossuary (visited)
   Lair: D:8-11         Orc: D:9-12

Altars:
Ashenzari
Cheibriados
Dithmenos
Fedhas
Gozag
Hepliaklqana
Kikubaaqudgha
Makhleb
Nemelex Xobeh
Okawaru
Qazlal
Ru
Sif Muna
Trog
Uskayaw
Vehumet
Wu Jian
Xom
Yredelemnul

Shops:
D:4 [

Annotations:
D:5 4 runed translucent doors


Innate Abilities, Weirdness & Mutations

You do not regenerate when monsters are visible.
You are frail without blood (-20% HP).
You can heal yourself when you bite living creatures.
You are immune to poison.
You have razor-sharp teeth.
You have supernaturally acute eyesight. (SInv)
You are afflicted with vampirism and can become a bat while bloodless.


Message History

Your Evocations skill increases to level 2!
Casting: Ensorcelled Hibernation (safe; 3% risk of failure)
Confirm with . or Enter, or press ? or * to list all spells.
Aiming: Tukima's Dance (dangerous; 3% risk of failure)
Press: ? - help, Shift-Dir - straight line, f - two-headed ogre
Aim: a two-headed ogre, wielding a +0 giant club and a +0 giant spiked club (umbra, chance to affect: 39%)
The two-headed ogre resists with some effort.
Unknown command.
Unknown command.
Casting: Tukima's Dance (dangerous; 3% risk of failure)
Confirm with . or Enter, or press ? or * to list all spells.
Aiming: Tukima's Dance (dangerous; 3% risk of failure)
Press: ? - help, Shift-Dir - straight line, f/p - two-headed ogre
Aim: a two-headed ogre, wielding a +0 giant club and a +0 giant spiked club (umbra, chance to affect: 39%)
The two-headed ogre resists with some effort.
The two-headed ogre barely misses you.
The two-headed ogre hits you with a +0 giant spiked club!!
The orc closely misses you.
Unknown command.
Unknown command.
The two-headed ogre attacks as you move away!
The two-headed ogre completely misses you.
The two-headed ogre hits you with a +0 giant spiked club!!
* * * LOW HITPOINT WARNING * * *
Unknown command.
Casting: Tukima's Dance (dangerous; 3% risk of failure)
Confirm with . or Enter, or press ? or * to list all spells.
Aiming: Tukima's Dance (dangerous; 3% risk of failure)
Press: ? - help, Shift-Dir - straight line, f/p - two-headed ogre
Aim: a two-headed ogre, wielding a +0 giant club and a +0 giant spiked club (umbra, chance to affect: 39%)
The +0 giant club dances into the air!
An orc wizard comes into view. It is wielding a +0 dagger.
The orc hits you from afar with a +0 trident.
* * * LOW HITPOINT WARNING * * *
Unknown command.
Unknown command.
The two-headed ogre attacks as you move away!
The two-headed ogre wields a +0 giant spiked club.
The two-headed ogre hits you with a +0 giant spiked club!
You die...

###### #
#....#'##+#
####...)o.....
#..'@Oo.......
#.##..(.......
#.##....####+#
#.##########+
#####............
#................
######............
#...)........
#............


You could see a two-headed ogre (ally target), an orc wizard, an orc and a
friendly +0 giant club.

Vanquished Creatures
  Joseph (D:8)
  2 unseen horrors
  2 shadows
  Sigmund (D:2)
  A steam dragon (D:8)
  2 orc warriors
  An ice beast (D:5)
  3 ogres
  3 phantoms
  2 centaurs
  A bullfrog (D:6)
  A gnoll sergeant (D:8)
  4 wights
  7 killer bees
  2 howler monkeys
  3 jellies
  2 hounds
  2 gnoll boudas
  2 orc priests (D:7)
  Crazy Yiuf (D:7)
  Ijyb (D:4)
  2 sleepcaps
  5 iguanas
  5 orc wizards
  A statue (D:4)
  8 mummies (Ossuary)
  Robin (D:3)
  27 gnolls
  18 adders
  3 river rats
  A worm (D:3)
  2 dart slugs
  27 orcs
  9 endoplasms
  4 giant cockroaches
  2 gnoll zombies (Ossuary)
  15 goblins
  13 hobgoblins
  4 jackals (D:3)
  9 ball pythons
  2 bats
  10 frilled lizards
  3 hobgoblin zombies (Ossuary)
  6 kobolds
  3 kobold zombies (Ossuary)
  14 rats
238 creatures vanquished.

Vanquished Creatures (collateral kills)
  Edmund (D:4)
  A wight (D:8)
2 creatures vanquished.

Vanquished Creatures (others)
  A dancing weapon (D:8)
1 creature vanquished.

Grand Total: 241 creatures vanquished

Notes
Turn   | Place    | Note
-------+----------+-------------------------------------------
     0 | D:1      | protoss039 the Vampire Enchanter began the quest for the
                  | Orb.
     0 | D:1      | Reached XP level 1. HP: 13/13 MP: 3/3
   357 | D:1      | Reached XP level 2. HP: 20/20 MP: 5/5
   361 | D:1      | Learned a level 2 spell: Ensorcelled Hibernation
   931 | D:1      | Reached skill level 5 in Stealth
  1067 | D:1      | Reached skill level 1 in Fighting
  1067 | D:1      | Gained mutation: You are afflicted with vampirism and can
                  | become a bat while bloodless. [Vampire growth]
  1067 | D:1      | Reached XP level 3. HP: 20/20 MP: 6/6
  1300 | D:1      | Learned a level 3 spell: Confusing Touch
  1301 | D:2      | Noticed Sigmund
  1339 | D:2      | Killed Sigmund
  1340 | D:2      | Reached skill level 6 in Stealth
  1340 | D:2      | Reached skill level 5 in Hexes
  1340 | D:2      | Reached XP level 4. HP: 10/26 MP: 1/7
  1340 | D:2      | Reached XP level 5. HP: 11/30 MP: 1/8
  2071 | D:2      | Learned a level 3 spell: Tukima's Dance
  2228 | D:3      | Found a hide-covered altar of Uskayaw.
  2317 | D:3      | Reached XP level 6. HP: 35/35 MP: 4/10
  2384 | D:3      | Found an ancient bone altar of Kikubaaqudgha.
  2454 | D:3      | Noticed Robin
  2470 | D:3      | Killed Robin
  3093 | D:4      | Noticed Ijyb
  3124 | D:4      | Found Asol's Armour Shop.
  3232 | D:4      | Found a radiant altar of Vehumet.
  3315 | D:4      | Found a staircase to the Ecumenical Temple.
  3322 | D:4      | Noticed Edmund
  3326 | Temple   | Entered the Ecumenical Temple
  3768 | D:4      | Found a shadowy altar of Dithmenos.
  3803 | D:4      | Became a worshipper of Dithmenos the Shadowed
  3878 | D:4      | Killed Ijyb
  3989 | D:4      | Found a snail-covered altar of Cheibriados.
  4065 | D:4      | Killed Edmund
  4066 | D:4      | Reached skill level 7 in Stealth
  4066 | D:4      | Reached skill level 1 in Ice Magic
  4066 | D:4      | Reached XP level 7. HP: 36/40 MP: 5/11
  4164 | D:4      | Learned a level 3 spell: Dazzling Flash
  4165 | D:5      | Entered Level 5 of the Dungeon
  4171 | D:5      | Reached skill level 1 in Invocations
  4196 | D:5      | Found a large runed translucent door.
  4245 | D:5      | Found a large runed translucent door.
  4340 | D:5      | Noticed a wraith
  4341 | D:5      | Found a large runed translucent door.
  4341 | D:5      | Noticed a yak
  4342 | D:5      | Found a large runed translucent door.
  4471 | D:5      | Reached * piety under Dithmenos
  4538 | D:5      | Reached XP level 8. HP: 46/46 MP: 4/13
  4550 | D:5      | Identified the +4 trident of Zeifih {venom, rF- Int+5}
  4635 | D:5      | Found a glowing drain.
  4647 | Sewer    | Entered a sewer
  4651 | Sewer    | Learned a level 2 spell: Sublimation of Blood
  5167 | D:5      | Reached skill level 5 in Dodging
  5167 | D:5      | Reached skill level 8 in Stealth
  5315 | D:5      | HP: 2/47 [shadow (7)]
  5331 | D:5      | Reached skill level 1 in Necromancy
  5445 | D:5      | Reached ** piety under Dithmenos
  6139 | D:6      | Reached skill level 9 in Stealth
  6496 | D:6      | Reached XP level 9. HP: 52/52 MP: 14/16
  6673 | D:6      | Got the Catalogue of Snow
  6848 | D:7      | Noticed an unseen horror
  6853 | D:7      | Killed an unseen horror
  6960 | D:7      | Found a sand-covered staircase.
  6965 | Ossuary  | Entered an ossuary
  7160 | Ossuary  | Reached *** piety under Dithmenos
  7493 | D:7      | Reached skill level 5 in Spellcasting
  7911 | D:7      | Found a runed translucent door.
  7912 | D:7      | Noticed Crazy Yiuf
  8175 | D:7      | Killed Crazy Yiuf
  8214 | D:7      | Upgraded the game from 0.31-a0-233-g139696dc86 to
                  | 0.31-a0-236-g9a0961fb85
  8237 | D:8      | Reached skill level 5 in Fighting
  8240 | D:8      | Noticed an unseen horror
  8246 | D:8      | Killed an unseen horror
  8247 | D:8      | Reached skill level 1 in Throwing
  8247 | D:8      | Reached skill level 1 in Evocations
  8254 | D:8      | Reached skill level 1 in Conjurations
  8767 | D:8      | Reached skill level 10 in Stealth
  8895 | D:4      | Bought the +1 robe of Impressiveness {Will++ Dex+3} for 363
                  | gold pieces
  9014 | D:8      | Reached XP level 10. HP: 59/59 MP: 10/18
  9138 | D:8      | Noticed Joseph
  9144 | D:8      | Killed Joseph
  9341 | D:8      | Found an iron altar of Okawaru.
  9507 | D:9      | Noticed a two-headed ogre
  9517 | D:9      | Slain by a two-headed ogre

Illustrated notes

Levels and vault maps discovered:
D:1:      scummos_arrival_star, layout_basic, patterned_corridor
D:2:      layout_rooms, minmay_tetromino_s4, uniq_sigmund
D:3:      layout_basic, mainiacjoe_overflow_paths,
          mainiacjoe_overflow_tiny_flanked, uniq_robin
D:4:      layout_rooms, chei_slow_surprise,
          nicolae_dithmenos_through_a_glass_darkly, vehumet_statue,
          temple_fountains, serial_shops, shop, uniq_edmund, uniq_ijyb
D:5:      layout_basic, portal_sewer_entry_a, minmay_hollow_rounded_squares
D:6:      minmay_spotlight, layout_loops_corners, palyth_stone_intersect
D:7:      layout_loops_ring, nicolae_ossuary_entry_plus,
          kennysheep_cross_bottleneck, uniq_crazy_yiuf_cottage
D:8:      layout_basic, mainiacjoe_overflow_swirl, minmay_circle_x, uniq_joseph
D:9:      layout_basic
Temple:   nicolae_temple_bog_church

Skill      XL: |  1  2  3  4  5  6  7  8  9 10 |
---------------+-------------------------------+-----
Stealth        | 5 6 7 9 10 | 10.2
Fighting       | 1 2 3 4 5 |  5.8
Short Blades   | 2 3 |  3.0
Dodging        | 3 4 5 6 |  6.8
Hexes          | 5 6 |  6.0
Spellcasting   | 3 4 5 |  5.4
Ice Magic      | 1 2 3 |  3.0
Invocations    | 2 3 4 |  4.9
Necromancy     | 1 2 |  2.6
Throwing       | 1 |  1.7
Evocations     | 1 2 |  2.0
Conjurations   | 1 |  1.0

Action                     |  1- 3 |  4- 6 |  7- 9 | 10-12 || total
---------------------------+-------+-------+-------+-------++-------
  Melee: Dagger            |    51 |   133 |   382 |    10 ||   576
         Bite              |     1 |    14 |    48 |       ||    63
         Punch             |       |     4 |     8 |       ||    12
         Quarterstaff      |       |     9 |    11 |       ||    20
         Trident           |       |       |     6 |       ||     6
   Cast: Ensorcelled Hiber |    11 |    46 |    75 |     2 ||   134
         Confusing Touch   |     1 |     4 |    25 |     1 ||    31
         Tukima's Dance    |       |     1 |     2 |     3 ||     6
 Invoke: Shadow Step       |       |       |     1 |       ||     1
Ability: Exsanguinate      |     1 |       |       |       ||     1
  Evoke: Wand              |       |       |     1 |       ||     1
    Use: Potion            |     1 |     1 |     4 |       ||     6
         Scroll            |       |     3 |     8 |     1 ||    12
   Stab: Sleeping          |    18 |    40 |    91 |     9 ||   158
         Invisible         |     2 |       |       |       ||     2
         Confused          |     1 |     2 |    20 |       ||    23
 Armour: Robe              |     4 |    24 |    22 |       ||    50
         Leather armour    |       |       |    40 |       ||    40
  Dodge: Dodged            |    20 |    83 |   258 |     6 ||   367
         Repelled          |       |     2 |       |       ||     2

Table legend: (Time is in decaauts)
 A = Elapsed time spent in this place.
 B = Non-inter-level travel time spent in this place.
 C = Inter-level travel time spent in this place.
 D = Time resting spent in this place.
 E = Time spent auto-exploring this place.
 F = Levels seen in this place.
 G = Mean time per level.
                   A        B        C        D        E       F      G
               +--------+--------+--------+--------+--------+-----+--------+
         Total |   9476 |   8949 |    527 |    834 |   5679 |  12 |  789.7 |
       Dungeon |   8337 |   7834 |    503 |    653 |   5184 |   9 |  926.3 |
        Temple |    188 |    165 |     23 |      0 |    151 |   1 |  188.0 |
         Sewer |    485 |    485 |      0 |      0 |    313 |   1 |  485.0 |
       Ossuary |    465 |    465 |      0 |    181 |     30 |   1 |  465.0 |
               +--------+--------+--------+--------+--------+-----+--------+

Top non-repeatable levels by time:
     D:1: 1370 daAuts
     D:5: 1287 daAuts
     D:3: 1111 daAuts
     D:8: 1079 daAuts
     D:6: 1009 daAuts
     D:7: 924 daAuts
     D:4: 812 daAuts
     D:2: 696 daAuts
   Sewer: 485 daAuts
 Ossuary: 465 daAuts
  Temple: 188 daAuts
     D:9: 46 daAuts
